[ AOE2 MATCH · #507159638 ]
UnrankedTupi vs Burmese
Player's team · WIN
Rival team · LOSS
[ REPLAY ANALYSIS · EXTRACTED FROM THE RECORDED GAME ]
Feudal
—
Castle
—
Imperial
—
| APM avg | 82.8 |
| APM peak | 107 |
| eAPM avg | 36.9 |
| Villagers / military | 19 / 0 |
Focus
⚔️ 61.0% · 🌾 39.0%
Unknown (2550) ×2
Feudal
—
Castle
—
Imperial
—
| APM avg | 76.0 |
| APM peak | 87 |
| eAPM avg | 20.8 |
| Villagers / military | 16 / 0 |
Focus
⚔️ 50.4% · 🌾 49.6%
Match map
Initial resources + every placement click. Lines = walls · curves = elevation contours. ◆ gold · ⬟ stone · ● berries · ✦ relic · ◌ wall gap
Your base
PatrickJane's base
Smoothed initial terrain · ◌ = detected wall gap · hover for details
Inputs per minute
— DS_VarVa - - PatrickJane
Build order — DS_VarVa
26 actions detected in the replay
| 0:00 | Create | Villager (Male) |
| 0:00 | Create | Villager (Male) |
| 0:01 | Create | Villager (Male) |
| 0:01 | Create | Villager (Male) |
| 0:03 | Build | House |
| 0:04 | Build | House |
| 1:14 | Create | Villager (Male) |
| 1:14 | Create | Villager (Male) |
| 1:20 | Build | Barracks |
| 1:28 | Create | Villager (Male) |
| 2:06 | Create | Villager (Male) |
| 2:24 | Create | Unit 2550 |
| 2:55 | Create | Unit 2550 |
| 3:23 | Create | Villager (Male) |
| 3:33 | Create | Villager (Male) |
| 3:45 | Build | House |
| 3:52 | Create | Villager (Male) |
| 3:52 | Create | Villager (Male) |
| 4:20 | Create | Villager (Male) |
| 4:43 | Build | House |
| 4:47 | Create | Villager (Male) |
| 4:47 | Create | Villager (Male) |
| 5:01 | Create | Villager (Male) |
| 5:19 | Create | Villager (Male) |
| 5:44 | Create | Villager (Male) |
| 5:44 | Create | Villager (Male) |
Build order — PatrickJane
22 actions detected in the replay
| 0:01 | Create | Villager (Male) |
| 0:02 | Build | House |
| 0:04 | Build | House |
| 0:06 | Create | Villager (Male) |
| 0:08 | Create | Villager (Male) |
| 0:08 | Create | Villager (Male) |
| 1:29 | Create | Villager (Male) |
| 1:29 | Create | Villager (Male) |
| 1:50 | Build | Lumber Camp |
| 2:06 | Create | Villager (Male) |
| 2:23 | Create | Villager (Male) |
| 2:49 | Create | Villager (Male) |
| 3:19 | Create | Villager (Male) |
| 3:35 | Create | Villager (Male) |
| 3:50 | Build | House |
| 4:05 | Create | Villager (Male) |
| 4:27 | Create | Villager (Male) |
| 4:54 | Create | Villager (Male) |
| 5:13 | Build | Barracks |
| 5:16 | Create | Villager (Male) |
| 5:46 | Create | Villager (Male) |
| 5:53 | Build | House |
Match timeline
| 1:20 | DS_VarVa · first_building Barracks |
| 5:13 | PatrickJane · first_building Barracks |
| 6:09 | PatrickJane · resign |
[ AI ANALYSIS · 1 CREDIT ]
What really happened in this match?
Wolo.gg analyzes every decision: build order, eco, micro, common mistakes by bracket. Personalized analysis on WhatsApp or Discord in 30 seconds.
Civ guide
Tupi
Perfil
Jugador #4129359